 Dungeon Crawl Stone Soup version 0.17-a0-1533-g2f57bce (webtiles) character file.

2219 urechis the Fighter (level 9, -4/129 HPs)
             Began as a Minotaur Berserker on July 16, 2015.
             Was an Elder of Trog.
             Killed from afar by Joseph (10 damage)
             ... with a wand of cold
             ... on level 7 of the Dungeon.
             The game lasted 00:13:22 (5389 turns).

urechis the Fighter (Minotaur Berserker)            Turns: 5389, Time: 00:13:22

Health: -4/129     AC:  8    Str: 28    XL:     9   Next: 13%
Magic:  8/8        EV: 12    Int:  7    God:    Trog [****..]
Gold:   349        SH:  0    Dex: 12    Spells: 0 memorised, 8 levels left

rFire  + . .     SeeInvis .     a - +0 long sword
rCold  . . .     Clarity  .     C - +0 leather armour {rF+}
rNeg   . . .     SustAt   .     (no shield)
rPois  .         Gourm    +     (helmet restricted)
rElec  .         Spirit   .     e - +2 cloak
rCorr  .         Warding  .     (no gloves)
rMut   .         Stasis   .     i - +1 pair of boots {Fly}
MR     ++...                    l - amulet of the gourmand
Stlth  ..........               (no ring)
                                t - +3 ring of intelligence

@: berserking (expiring), flying, regenerating, very quick, very resistant to
hostile enchantments, extremely unstealthy
A: retaliatory headbutt, horns 2
a: Burn Spellbooks, Berserk, Trog's Hand, Brothers in Arms, Renounce Religion,
Stop Flying


You were on level 7 of the Dungeon.
You worshipped Trog.
Trog was greatly pleased with you.
You were full.

You visited 1 branch of the dungeon, and saw 7 of its levels.

You collected 349 gold pieces.

Inventory:

Hand weapons
 a - a +0 long sword (weapon)
 b - a +0 blowgun
Missiles
 c - 62 poisoned needles
Armour
 e - a +2 cloak (worn)
 i - a +1 pair of boots of flying (worn)
 C - a +0 leather armour of fire resistance (worn)
Jewellery
 l - an amulet of the gourmand (around neck)
 t - a +3 ring of intelligence (left hand)
 D - a +5 ring of intelligence
Magical devices
 n - a wand of fire (4)
Scrolls
 d - 5 scrolls of remove curse
 f - 4 scrolls of identify
 h - 2 scrolls of teleportation
 o - a scroll of magic mapping {unknown}
 q - 4 scrolls of fog {unknown}
 w - a scroll of immolation {unknown}
 y - a scroll of random uselessness {unknown}
 B - 3 scrolls of blinking {unknown}
 E - a scroll of fear {unknown}
Potions
 g - 3 potions of curing {unknown}
 j - a potion of invisibility {unknown}
 k - 3 potions of brilliance {unknown}
 m - a potion of agility {unknown}
 p - 2 potions of cure mutation {unknown}
 u - 2 potions of poison {unknown}
 v - a potion of might {unknown}
 x - a potion of beneficial mutation {unknown}
 F - a potion of berserk rage {unknown}
Comestibles
 r - 3 meat rations
 s - 8 fruits
 z - a beef jerky
 A - 3 bread rations


   Skills:
 + Level 10.8 Fighting
 + Level 10.7 Long Blades
 - Level 2.5 Armour
 - Level 2.2 Dodging


You had 8 spell levels left.
You didn't know any spells.

Dungeon Overview and Level Annotations

Branches:
Dungeon (7/15)             Temple (0/1) D:6

Altars:
Ashenzari
Cheibriados
Nemelex Xobeh
Sif Muna
Trog
Vehumet
Yredelemnul
Zin

Annotations:
D:7 Joseph


Innate Abilities, Weirdness & Mutations

You reflexively headbutt those who attack you in melee.
You have a pair of horns on your head.


Message History

Joseph wields an uncursed quarterstaff.
Joseph barely misses you. You furiously retaliate!
You headbutt Joseph. You slash Joseph! Your headbutt misses Joseph.
Joseph is moderately wounded.
Joseph zaps a wand.
The bolt of cold hits you!
* * * LOW HITPOINT WARNING * * *
You hit Joseph. You headbutt Joseph!
Joseph is heavily wounded.
Joseph shouts, "I love to fight!
I love killing!"
Joseph barely misses you.
You closely miss Joseph.
Joseph is heavily wounded.
You closely miss Joseph. You headbutt Joseph!
Joseph is severely wounded.
Joseph hits you with an uncursed quarterstaff!
* * * LOW HITPOINT WARNING * * *
You hit Joseph. Your headbutt misses Joseph.
Joseph is severely wounded.
Joseph zaps a wand.
The bolt of cold hits you!
You die...

######.#####
+...........
######.##### #.# #.#
#.# #.# ###+########
#.# #...@@.....# #.#
#........((#####.#
#.........(...##.#
#............)##)#####
###.#########..()(....
#. #...<..... #.
#........) #.
#......... #.........


You could see Joseph.

Vanquished Creatures
  The ghost of namelastname112 the Slasher, an average DrSk of the Shining One (D:4)
  Sigmund (D:4)
  The ghost of emiel the Skirmisher, an average NaWn (D:3)
  Duvessa (D:6)
  2 black bears (D:6)
  2 phantoms
  2 ogres (D:5)
  A necrophage (D:6)
  A big kobold (D:7)
  A giant frog (D:7)
  Blork the orc (D:6)
  A gnoll sergeant (D:6)
  Dowan (D:6)
  A quasit (D:6)
  2 crimson imps
  An orc priest (D:4)
  3 jellies
  A giant frog skeleton (D:6)
  An orc wizard (D:4)
  Natasha (thrice) (D:4)
  3 worker ants
  A worker ant zombie (D:5)
  10 gnolls
  7 adders
  An ooze (D:2)
  4 worms
  6 orcs
  3 ball pythons
  2 bat skeletons (D:5)
  4 giant cockroaches
  7 hobgoblins
  7 jackals
  A quokka (D:6)
  11 bats
  3 giant geckos
  8 giant newts
  13 goblins
  21 kobolds
  10 rats
150 creatures vanquished.

Vanquished Creatures (others)
  2 bats (D:3)
2 creatures vanquished.

Grand Total: 152 creatures vanquished

Notes
Turn   | Place    | Note
--------------------------------------------------------------
     0 | D:1      | urechis the Minotaur Berserker began the quest for the Orb.
     0 | D:1      | Reached XP level 1. HP: 19/19 MP: 0/0
   155 | D:1      | Reached skill level 4 in Fighting
   160 | D:1      | Reached XP level 2. HP: 27/27 MP: 1/1
   363 | D:1      | Acquired Trog's second power
   615 | D:2      | Reached XP level 3. HP: 33/33 MP: 2/2
  1512 | D:3      | Found a deep blue altar of Sif Muna.
  1518 | D:3      | Reached XP level 4. HP: 41/41 MP: 3/3
  1529 | D:3      | Reached skill level 5 in Long Blades
  1754 | D:3      | Reached skill level 5 in Fighting
  1878 | D:3      | Reached XP level 5. HP: 26/48 MP: 4/4
  1921 | D:3      | Noticed emiel's ghost (average NaWn)
  1928 | D:3      | Killed emiel's ghost
  1928 | D:3      | Reached skill level 6 in Fighting
  1928 | D:3      | Reached XP level 6. HP: 56/57 MP: 5/5
  1963 | D:3      | Found a glowing silver altar of Zin.
  1965 | D:3      | Noticed an angel
  2022 | D:3      | Found a radiant altar of Vehumet.
  2466 | D:4      | Noticed Natasha
  2471 | D:4      | Killed Natasha
  2520 | D:4      | Reached skill level 7 in Fighting
  2547 | D:4      | Noticed namelastname112's ghost (average DrSk)
  2554 | D:4      | Killed namelastname112's ghost
  2554 | D:4      | Reached XP level 7. HP: 66/66 MP: 6/6
  2675 | D:4      | Noticed Sigmund
  2701 | D:4      | Killed Sigmund
  2701 | D:4      | Reached skill level 8 in Fighting
  2813 | D:4      | Noticed Natasha
  2824 | D:4      | Killed Natasha
  3067 | D:4      | Found a snail-covered altar of Cheibriados.
  3070 | D:4      | Found a shattered altar of Ashenzari.
  3074 | D:4      | Noticed Natasha
  3094 | D:4      | Killed Natasha
  3159 | D:4      | Found a basalt altar of Yredelemnul.
  3284 | D:5      | Entered Level 5 of the Dungeon
  3470 | D:5      | Reached XP level 8. HP: 68/75 MP: 7/7
  3744 | D:5      | Reached skill level 9 in Fighting
  3951 | D:6      | Noticed Duvessa
  3952 | D:6      | Noticed Dowan
  3964 | D:6      | Killed Duvessa
  3997 | D:6      | Killed Dowan
  4198 | D:6      | Found a bloodstained altar of Trog.
  4208 | D:6      | Acquired Trog's third power
  4208 | D:6      | Reached skill level 10 in Fighting
  4307 | D:6      | Found a sparkling altar of Nemelex Xobeh.
  4381 | D:6      | Reached skill level 10 in Long Blades
  4472 | D:6      | Noticed Blork the orc
  4478 | D:6      | Killed Blork the orc
  4556 | D:6      | Reached XP level 9. HP: 74/86 MP: 8/8
  4756 | D:6      | Found a shattered altar of Ashenzari.
  5090 | D:6      | Found a staircase to the Ecumenical Temple.
  5377 | D:7      | Noticed Joseph
  5388 | D:7      | HP: 5/129 [Joseph/uncursed quarterstaff (13)]
  5389 | D:7      | Killed from afar by Joseph

Vault maps used:
D:1:      lemuel_arrival_lava_pool
D:3:      overflow_temple_1_default, zin_angel, fiery_altar_vehumet,
          minmay_mini_jars
D:4:      old_standard_altar, grunt_temple_overflow_open, small_statue_alley_b,
          uniq_natasha, uniq_sigmund
D:5:      first_bread
D:6:      nemelex_xobeh_ov_fountains_minmay, trog_ov_bears_minmay,
          minmay_temple_entry_poolview, cheibrodos_ashenzari_chains,
          uniq_duvessa, uniq_blork_the_orc
D:7:      the_bakery, tgw_kikubaaqudgha, uniq_joseph

Action                   |  1- 3 |  4- 6 |  7- 9 || total
-------------------------+-------+-------+-------++-------
Melee: Falchion          |   112 |    95 |    39 ||   246
       Long sword        |       |       |   158 ||   158
Invok: Berserk           |     1 |     2 |     6 ||     9
       Trog's Hand       |       |       |     1 ||     1
 Abil: Stop Flying       |     1 |       |       ||     1
       Evoke Flight      |     1 |       |       ||     1
  Use: Scroll            |     3 |       |       ||     3
  Eat: Chunk             |     1 |     6 |    16 ||    23
       Bread ration      |     1 |       |       ||     1
